[Event "ICC tourney 1922 (15 5)"]
[Site "Internet Chess Club"]
[Date "2020.07.17"]
[Round "2"]
[White "amaganti"]
[Black "mahn"]
[Result "1-0"]
[ICCResult "Black checkmated"]
[WhiteElo "1207"]
[BlackElo "1210"]
[Opening "Bishop's opening: Classical variation"]
[ECO "C23"]
[NIC "IG.04"]
[Time "13:28:17"]
[TimeControl "900+5"]

1. e4 e5 2. Bc4 Bc5 3. Nf3 Nf6 4. Nxe5 d6 5. Nxf7 Rf8 6. Nxd8 Kxd8 7. Qf3
Bg4 8. Qd3 Nh5 9. Qb3 Nf4 10. Qxb7 Nc6 11. Qxa8+ Nb8 12. Qxb8+ Ke7 13. Qxc7+
Ke8 14. Qc8+ Ke7 15. Qc7+ Ke8 16. d3 Rf7 17. Qc8+ Ke7 18. Bxf4 Rxf4 19. h3
Bxc8 20. Rh2 Bb4+ 21. c3 Bc5 22. h4 Bg4 23. Nd2 Rf3 24. gxf3 Bxf3 25. Nxf3
Kf6 26. h5 d5 27. exd5 Bd6 28. Rh3 g6 29. hxg6 hxg6 30. Nd4 Bf4 31. d6 Kg5
32. d7 Bc7 33. d8=Q+ Bxd8 34. Rg3+ Kh5 35. Rh3+ Kg5 36. f4+ Kf6 37. Rd1 Kg7
38. Rd2 Bb6 39. Rg3 Bc5 40. Ne6+ Kf7 41. f5 gxf5 42. Rh3 Be3 43. Rdh2 Bc1
44. Rh7+ Kf6 45. R2h6+ Ke5 46. d4+ Kd6 47. Rh5 Bxb2 48. Rxf5 Bxc3+ 49. Ke2
Bxd4 50. Kd3 Bf2 51. Rd5+ Kc6 52. Rc7+ Kb6 53. Rd6+ Ka5 54. Rxa7+ Kb4 55.
Rb7+ Ka3 56. Rb3+ Ka4 57. Ra6# {Black checkmated} 1-0

[Event "ICC tourney 1922 (15 5)"]
[Site "Internet Chess Club"]
[Date "2020.07.17"]
[Round "2"]
[White "AlectroGamerAD"]
[Black "lahn"]
[Result "1-0"]
[ICCResult "Black checkmated"]
[WhiteElo "1388"]
[BlackElo "1218"]
[Opening "French: Steinitz variation"]
[ECO "C11"]
[NIC "FR.04"]
[Time "13:28:11"]
[TimeControl "900+5"]

1. e4 e6 2. d4 d5 3. Nc3 Nf6 4. e5 Ne4 5. Nxe4 dxe4 6. Qe2 Bb4+ 7. c3 Ba5 8.
Qxe4 f5 9. exf6 gxf6 10. g4 Nc6 11. Nf3 h5 12. Qg6+ Ke7 13. gxh5 Rg8 14.
Qh7+ Kf8 15. Bh6+ Ke8 16. Qxg8+ Kd7 17. Qf7+ Qe7 18. Qxe7+ Nxe7 19. O-O-O b5
20. Bh3 b4 21. cxb4 Bxb4 22. Rhg1 Ba6 23. Rg7 c5 24. dxc5+ Bd3 25. Rxd3+ Ke8
26. Bxe6 Bxc5 27. Bd7+ Kf8 28. Rg3+ Kf7 29. Rg7+ Kf8 30. Nh4 Bxf2 31. Rf3
Bxh4 32. Rg4+ Kf7 33. Rxh4 f5 34. Bg5 Rc8+ 35. Bxc8 Nxc8 36. Rxf5+ Ke6 37.
Rf6+ Ke5 38. h6 Ne7 39. h7 Nf5 40. h8=Q Nxh4 41. Qxh4 Kd5 42. Qf4 Kc5 43.
Qd6+ Kb5 44. Rf5+ Kc4 45. Qc5+ Kd3 46. Qc3+ Ke4 47. Qf3+ Kd4 48. Qe3+ Kc4
49. Qe2+ Kd4 50. Rf3 Kd5 51. Bf6 Kc6 52. Qe4+ Kc5 53. Qd4+ Kc6 54. Rc3+ Kb7
55. Qd8 Ka6 56. Ra3+ Kb7 57. Rb3+ Ka6 58. Qc8+ Ka5 59. Bd8+ Ka4 60. Qa6#
{Black checkmated}
1-0

[Event "ICC tourney 1922 (15 5)"]
[Site "Internet Chess Club"]
[Date "2020.07.17"]
[Round "3"]
[White "Eshap"]
[Black "Aurex"]
[Result "1-0"]
[ICCResult "Black checkmated"]
[WhiteElo "1486"]
[BlackElo "1035"]
[Opening "Four knights: Italian variation"]
[ECO "C55"]
[NIC "IG.01"]
[Time "14:21:45"]
[TimeControl "900+5"]

1. e4 e5 2. Nf3 Nc6 3. Bc4 Nf6 4. Nc3 Bb4 5. O-O Bxc3 6. dxc3 O-O 7. Bg5 d6
8. Bd5 Nxd5 9. Bxd8 Rxd8 10. exd5 Ne7 11. Ng5 Nf5 12. Qh5 Rf8 13. Qxh7#
{Black checkmated}
1-0

[Event "ICC tourney 1922 (15 5)"]
[Site "Internet Chess Club"]
[Date "2020.07.17"]
[Round "3"]
[White "maadhavd"]
[Black "amaganti"]
[Result "1-0"]
[ICCResult "Black resigns"]
[WhiteElo "1468"]
[BlackElo "1198"]
[Opening "Petrov: Damiano variation"]
[ECO "C42"]
[NIC "RG.03"]
[Time "14:21:49"]
[TimeControl "900+5"]

1. e4 e5 2. Nf3 Nf6 3. Nxe5 Nxe4 4. Qe2 d5 5. d3 Ng5 6. Nc6+ Ne6 7. Nxd8
Kxd8 8. Nc3 Nf4 9. Bxf4 d4 10. Qe5 Bb4 11. Qxc7+ Ke8 12. Qxc8+ Ke7 13. Qxh8
a5 14. Qxg7 Ra7 15. Qxd4 Ra6 16. a3 Re6+ 17. Be2 Bd6 18. Bxd6+ Kd7 19. Bxb8+
{Black resigns}
1-0

[Event "ICC tourney 1922 (15 5)"]
[Site "Internet Chess Club"]
[Date "2020.07.17"]
[Round "3"]
[White "AlectroGamerAD"]
[Black "chenxuan2012"]
[Result "0-1"]
[ICCResult "White checkmated"]
[WhiteElo "1375"]
[BlackElo "1508"]
[Opening "KP: Patzer opening"]
[ECO "C20"]
[NIC "KP.10"]
[Time "14:22:21"]
[TimeControl "900+5"]

1. e4 e5 2. Qh5 Nf6 3. Qd1 Nc6 4. Nc3 d5 5. d3 dxe4 6. dxe4 Qxd1+ 7. Kxd1
Be6 8. g3 O-O-O+ 9. Ke1 Bb4 10. Bd2 Nd4 11. f3 Nxc2+ 12. Kf2 Nxa1 13. Bd3
Rxd3 14. Nb1 Bxd2 15. Nxd2 Rxd2+ 16. Ne2 Nc2 17. Kg2 Rxe2+ 18. Kf1 Rd2 19.
Kg1 Rhd8 20. Kf1 Rd1+ 21. Ke2 R8d2# {White checkmated} 0-1

[Event "ICC tourney 1922 (15 5)"]
[Site "Internet Chess Club"]
[Date "2020.07.17"]
[Round "3"]
[White "lahn"]
[Black "bmnyc"]
[Result "0-1"]
[ICCResult "White checkmated"]
[WhiteElo "1178"]
[BlackElo "1335"]
[Opening "KP: Indian opening"]
[ECO "A00"]
[NIC "KP.07"]
[Time "14:21:44"]
[TimeControl "900+5"]

1. d3 e5 2. e4 Nc6 3. Nf3 Bc5 4. Be3 Bxe3 5. fxe3 Nf6 6. Nc3 O-O 7. Ng5 d5
8. Qf3 dxe4 9. Qh3 Bxh3 10. gxh3 exd3 11. cxd3 e4 12. dxe4 Nb4 13. a3 Nc2+
14. Ke2 Nxa1 15. h4 Nb3 16. h5 Qd2+ 17. Kf3 Nxh5 18. e5 Qxb2 19. Na4 Qxa3
20. Nc3 Nd2+ 21. Ke2 Qxc3 22. Ke1 Qxe3+ 23. Kd1 Qxg5 24. e6 fxe6 25. Bd3 Nf3
26. Be4 Rad8+ 27. Ke2 Nd2 28. Bd3 Qg2+ 29. Kd1 Qxh1+ 30. Kxd2 Qxh2+ 31. Kd1
Rxd3+ 32. Kc1 Rg3 33. Kb1 Rg1# {White checkmated} 0-1

[Event "ICC tourney 1922 (15 5)"]
[Site "Internet Chess Club"]
[Date "2020.07.17"]
[Round "3"]
[White "LoukyaNarne"]
[Black "chesspanda0610"]
[Result "0-1"]
[ICCResult "White checkmated"]
[WhiteElo "1376"]
[BlackElo "1590"]
[Opening "Giuoco Piano: four knights variation"]
[ECO "C46"]
[NIC "KP.06"]
[Time "14:21:44"]
[TimeControl "900+5"]

1. e4 e5 2. Nf3 Nc6 3. Nc3 Bc5 4. Bc4 Nf6 5. h3 d6 6. d3 h6 7. Qe2 O-O 8.
Bd2 Be6 9. Bxe6 fxe6 10. Nh4 Qe7 11. Qf3 Qd7 12. Qg3 Nh5 13. Qg4 Bxf2+ 14.
Kf1 Bxh4+ 15. Kg1 Bf2+ 16. Kh2 Nf4 17. Rhf1 Bc5 18. Bxf4 exf4 19. Rxf4 Rxf4
20. Qxf4 Rf8 21. Qg4 Nd4 22. Re1 Nxc2 23. Re2 Nd4 24. Rd2 d5 25. exd5 Qd6+
26. g3 Nf3+ 27. Kg2 Nxd2 28. dxe6 Re8 29. Nb5 Qxd3 30. Nxc7 Qf1+ 31. Kh2
Qg1# {White checkmated} 0-1

[Event "ICC tourney 1922 (15 5)"]
[Site "Internet Chess Club"]
[Date "2020.07.17"]
[Round "3"]
[White "sahanakasturi"]
[Black "Anichess2009"]
[Result "0-1"]
[ICCResult "White checkmated"]
[WhiteElo "1472"]
[BlackElo "1458"]
[Opening "King's pawn opening"]
[ECO "B07"]
[NIC "VO.17"]
[Time "14:26:21"]
[TimeControl "900+5"]

1. e4 d6 2. Nf3 Nf6 3. Nc3 g6 4. Bc4 Bg7 5. e5 dxe5 6. Nxe5 O-O 7. O-O Nbd7
8. d3 Nxe5 9. Qe1 Nxc4 10. dxc4 Be6 11. c5 Bc4 12. Ne2 Bxe2 13. Qxe2 Qd5 14.
Rd1 Qe4 15. Qb5 Rad8 16. Rf1 b6 17. cxb6 axb6 18. Bg5 Rd5 19. Qb3 Rxg5 20.
f3 Qd4+ 21. Kh1 Nh5 22. Rad1 Ng3+ 23. hxg3 Rh5# {White checkmated} 0-1

[Event "ICC tourney 1922 (15 5)"]
[Site "Internet Chess Club"]
[Date "2020.07.17"]
[Round "3"]
[White "mlmkacton"]
[Black "TanishaS"]
[Result "1-0"]
[ICCResult "Black checkmated"]
[WhiteElo "1386"]
[BlackElo "1015"]
[Opening "Three knights game"]
[ECO "C46"]
[NIC "KP.06"]
[Time "14:22:07"]
[TimeControl "900+5"]

1. e4 e5 2. Nf3 Nc6 3. Nc3 Bb4 4. a3 Bc5 5. Bc4 Nf6 6. O-O O-O 7. d3 d5 8.
exd5 Nd4 9. Nxe5 Bd6 10. Nf3 Nxf3+ 11. Qxf3 Qe7 12. Bf4 Bc5 13. h3 Bf5 14.
Rfe1 Qd7 15. Be3 Bd6 16. Bb5 Qe7 17. Bxa7 Qd8 18. Bd4 Ra5 19. Qxf5 Be7 20.
Bxf6 Bxf6 21. Qd7 c6 22. Qxd8 Rxd8 23. dxc6 bxc6 24. Bxc6 Rc5 25. Be8 Kf8
26. Ba4 Rd4 27. Re8# {Black checkmated} 1-0

[Event "ICC tourney 1922 (15 5)"]
[Site "Internet Chess Club"]
[Date "2020.07.17"]
[Round "3"]
[White "Chess-noob"]
[Black "DonnieKnight01"]
[Result "1-0"]
[ICCResult "Black checkmated"]
[WhiteElo "1444"]
[BlackElo "1364"]
[Opening "Hungarian defense"]
[ECO "C50"]
[NIC "IG.03"]
[Time "14:21:45"]
[TimeControl "900+5"]

1. e4 e5 2. Nf3 Nc6 3. Bc4 Be7 4. b3 Nf6 5. Nc3 O-O 6. O-O Nxe4 7. Nxe4 d5
8. Bxd5 Qxd5 9. Nc3 Qd8 10. Bb2 Bb4 11. Ne4 Bf5 12. d3 Nd4 13. Nxd4 exd4 14.
c3 dxc3 15. Nxc3 Qg5 16. Bc1 Qg6 17. Ne2 Bh3 18. Nf4 Qg5 19. Nxh3 Qe5 20.
Bf4 Qf5 21. Bd2 Bd6 22. Qf3 Qe5 23. Bf4 Qc5 24. Bxd6 Qxd6 25. Ng5 Qh6 26.
Ne4 Rad8 27. Rad1 Rd5 28. Nf6+ gxf6 29. Qxd5 c6 30. Qf3 Kh8 31. Rfe1 Rg8 32.
Qe3 Qf8 33. Qf3 Qg7 34. g3 Qg6 35. h4 f5 36. Qe3 Qd6 37. Qe7 Qb8 38. Qf6+
Rg7 39. Re7 Qc8 40. Rde1 h6 41. Re8+ Qxe8 42. Rxe8+ Kh7 43. Qxf5+ Rg6 44.
Qxf7+ Rg7 45. Qf5+ Rg6 46. Re7+ Kg8 47. Qxg6+ Kf8 48. Rxb7 a5 49. Qe6 c5 50.
Qc8# {Black checkmated} 1-0

[Event "ICC tourney 1922 (15 5)"]
[Site "Internet Chess Club"]
[Date "2020.07.17"]
[Round "3"]
[White "mahn"]
[Black "TanyaS"]
[Result "0-1"]
[ICCResult "White resigns"]
[WhiteElo "1121"]
[BlackElo "1166"]
[Opening "Queen's pawn, Mason variation"]
[ECO "D00"]
[NIC "QP.08"]
[Time "14:23:59"]
[TimeControl "900+5"]

1. d4 d5 2. Bf4 Nc6 3. Bg5 Qd6 4. e4 dxe4 5. Bb5 a6 6. Bxc6+ bxc6 7. Na3 e6
8. Nc4 Qb4+ 9. Nd2 Qxd4 10. Ndf3 Qb4+ 11. Nd2 Bc5 12. c3 Qxb2 13. Rc1 Qb6
14. Rb1 Bxf2+ 15. Kf1 Qc5 16. Rb3 a5 17. Nxe4 Ba6+ 18. Ne2 Qe3 19. Nxf2 Rd8
20. Rb2 Qxg5 21. Ne4 Qf5+ 22. Nf2 Bd3 23. Rd2 Nh6 24. Rxd3 Rb8 25. Ng3 Qb5
26. Nge4 a4 27. Ng3 Rb6 28. Ne2 Nf5 29. Rf3 Qc5 30. Nf4 Ne3+ 31. Ke1 Nxd1
32. Kxd1 Qb5 33. Rd3 Qb1+ 34. Kd2 Qxa2+ 35. Ke3 c5 36. Rd2 Qc4 37. Rd3 O-O
38. Rd4 cxd4+ 39. Kf3 Qxc3+ 40. N2d3 Qc6+ 41. Kg3 a3 42. Nc1 Qc3+ 43. Ncd3
a2 44. h3 a1=Q 45. Rb1 Rxb1 46. h4 Rfb8 47. Kf2 Qc2+ 48. Kf3 Qa8+
{White resigns}
0-1

[Event "ICC tourney 1922 (15 5)"]
[Site "Internet Chess Club"]
[Date "2020.07.17"]
[Round "3"]
[White "Pranayasree"]
[Black "Armaan10"]
[Result "1/2-1/2"]
[ICCResult "Black stalemated"]
[WhiteElo "1364"]
[BlackElo "1311"]
[Opening "King's knight opening"]
[ECO "C40"]
[NIC "KP.10"]
[Time "14:22:03"]
[TimeControl "900+5"]

1. e4 e5 2. Nf3 Bc5 3. Nxe5 Qh4 4. Qe2 d6 5. Nf3 Qf6 6. e5 dxe5 7. Nxe5 h5
8. d4 Bxd4 9. Nf3+ Ne7 10. Qe4 O-O 11. Nxd4 Bf5 12. Nxf5 Qxf5 13. Qxf5 Nxf5
14. Bd3 Re8+ 15. Be3 Nxe3 16. fxe3 Nc6 17. O-O Nb4 18. Rf5 h4 19. Rh5 h3 20.
Rxh3 Nxd3 21. cxd3 Rad8 22. d4 b6 23. Na3 c5 24. dxc5 bxc5 25. Nb5 a5 26.
Nc7 Re7 27. Nb5 c4 28. Rf1 f6 29. a4 Rd2 30. Rf2 Rd1+ 31. Rf1 Rd2 32. Rf2
Rd1+ 33. Rf1 Rd2 34. Rb1 g5 35. Rf3 Kg7 36. h3 Kg6 37. Nd4 Rd3 38. Re1 Rd2
39. Nc6 Red7 40. Nxa5 c3 41. bxc3 Rc7 42. c4 Ra2 43. Rc1 Rxa4 44. Nb3 Rb4
45. Nd4 Ra7 46. c5 Rb2 47. Rf2 Rxf2 48. Kxf2 Ra8 49. c6 Rc8 50. c7 Rxc7 51.
Rxc7 f5 52. Rc6+ Kh5 53. Nxf5 g4 54. hxg4+ Kxg4 55. e4 Kg5 56. Ne7 Kf4 57.
Re6 Kg4 58. e5 Kg5 59. Nc8 Kf5 60. Re8 Ke4 61. e6 Ke5 62. e7 Ke6 63. Rf8 Kd7
64. e8=Q+ Kc7 65. Qe7+ Kc6 66. Rf5 {Black stalemated} 1/2-1/2

[Event "ICC tourney 1922 (15 5)"]
[Site "Internet Chess Club"]
[Date "2020.07.17"]
[Round "3"]
[White "DuckyBirdLover"]
[Black "viratfan"]
[Result "0-1"]
[ICCResult "White checkmated"]
[WhiteElo "1462"]
[BlackElo "1507"]
[Opening "Sicilian defense"]
[ECO "B20"]
[NIC "SI.48"]
[Time "14:21:47"]
[TimeControl "900+5"]

1. e4 c5 2. Bc4 Nc6 3. Qh5 e6 4. Qd1 Nf6 5. Nc3 d5 6. exd5 exd5 7. Bb5 Bd7
8. Nf3 d4 9. Ne2 a6 10. Bxc6 Bxc6 11. O-O g6 12. Re1 Bd7 13. Nexd4+ Be7 14.
Nb3 O-O 15. d4 c4 16. Nbd2 Rc8 17. b3 c3 18. Nc4 b5 19. Nce5 Bf5 20. g4 Nxg4
21. Nxg4 Bxg4 22. Qd3 Re8 23. a4 b4 24. Ne5 Bf5 25. Qxa6 Bxc2 26. Nd3 Bxb3
27. Nxb4 Bxb4 28. Rxe8+ Qxe8 29. Rb1 Ra8 30. Qb5 Bxa4 31. Qxe8+ Rxe8 32.
Rxb4 Re1+ 33. Kg2 Bc6+ 34. Kg3 Rxc1 35. Rc4 Bd7 36. Kf3 Bb5 37. Rc5 Bf1 38.
Ke3 Re1+ 39. Kf3 Be2+ 40. Kf4 Rc1 41. Ke3 Ba6 42. Rc6 Bb5 43. Rc5 Ba4 44.
Rc4 Bd1 45. Kd3 Kg7 46. d5 Kf6 47. Rxc3 Be2+ 48. Kd2 Rxc3 49. Kxc3 Ke7 50.
Kd4 Kd6 51. Ke4 Bc4 52. f4 Bxd5+ 53. Ke3 f5 54. Kf2 h6 55. Kg3 g5 56. fxg5
hxg5 57. h4 gxh4+ 58. Kxh4 Ke5 59. Kg3 f4+ 60. Kf2 Ke4 61. Kf1 Bc4+ 62. Kf2
f3 63. Ke1 Ke3 64. Kd1 f2 65. Kc2 f1=Q 66. Kc3 Qc1+ 67. Kb4 Kd4 68. Ka5 Qb2
69. Ka4 Qb3+ 70. Ka5 Qb5# {White checkmated} 0-1

[Event "ICC tourney 1922 (15 5)"]
[Site "Internet Chess Club"]
[Date "2020.07.17"]
[Round "3"]
[White "Hansini"]
[Black "WCCMTW"]
[Result "0-1"]
[ICCResult "White checkmated"]
[WhiteElo "1330"]
[BlackElo "1404"]
[Opening "Giuoco Piano: four knights variation"]
[ECO "C46"]
[NIC "KP.06"]
[Time "14:21:53"]
[TimeControl "900+5"]

1. e4 e5 2. Nf3 Nc6 3. Nc3 Bc5 4. Bc4 Nf6 5. O-O O-O 6. d3 d6 7. Bg5 Bg4 8.
Qe2 Qe7 9. Rae1 Nd4 10. Qd2 Nxf3+ 11. gxf3 Bxf3 12. Nd5 Qd8 13. Nxf6+ gxf6
14. d4 fxg5 15. dxc5 dxc5 16. Qe3 Bg4 17. Qxc5 b6 18. Qxe5 h6 19. Re3 Re8
20. Qc3 Qd6 21. Rg3 Be6 22. Bxe6 Rxe6 23. Rh3 Rxe4 24. Rd3 Rg4+ 25. Rg3
Rxg3+ 26. fxg3 f5 27. Rxf5 Qd1+ 28. Kg2 Rf8 29. Qd3 Qxd3 30. cxd3 Rxf5 31.
h4 Rd5 32. g4 Rxd3 33. hxg5 hxg5 34. b4 Kg7 35. a4 c5 36. b5 c4 37. a5 c3
38. axb6 axb6 39. Kf2 c2 40. Ke2 Rc3 41. Kd2 Rc8 42. Kc1 Rc5 43. Kd2 c1=Q+
44. Kd3 Qc4+ 45. Ke3 Rxb5 46. Kf3 Rb3+ 47. Kf2 Qc2+ 48. Kf1 Rb1#
{White checkmated}
0-1

[Event "ICC tourney 1922 (15 5)"]
[Site "Internet Chess Club"]
[Date "2020.07.17"]
[Round "4"]
[White "DonnieKnight01"]
[Black "Hansini"]
[Result "0-1"]
[ICCResult "White checkmated"]
[WhiteElo "1311"]
[BlackElo "1357"]
[Opening "Giuoco Pianissimo: Italian four knights variation"]
[ECO "C47"]
[NIC "KP.06"]
[Time "15:16:53"]
[TimeControl "900+5"]

1. e4 e5 2. Nf3 Nc6 3. Nc3 Nf6 4. Bc4 Bc5 5. d3 O-O 6. Nxe5 Nxe5 7. d4 Nxc4
8. dxc5 d6 9. b3 Ne5 10. O-O Bg4 11. Qe1 d5 12. Nxd5 Nxd5 13. exd5 Qxd5 14.
c4 Qxc5 15. Be3 Qd6 16. h3 Rae8 17. hxg4 Nxg4 18. Rd1 Qh2# {White
checkmated} 0-1

[Event "ICC tourney 1922 (15 5)"]
[Site "Internet Chess Club"]
[Date "2020.07.17"]
[Round "4"]
[White "Armaan10"]
[Black "maadhavd"]
[Result "0-1"]
[ICCResult "White checkmated"]
[WhiteElo "1298"]
[BlackElo "1499"]
[Opening "Two knights defense"]
[ECO "C58"]
[NIC "KP.01"]
[Time "15:17:38"]
[TimeControl "900+5"]

1. e4 e5 2. Bc4 Nf6 3. Nf3 Nc6 4. Ng5 d5 5. exd5 Na5 6. Bb5+ Bd7 7. Bxd7+
Nxd7 8. Qh5 g6 9. Qf3 Qxg5 10. O-O Qf4 11. Qxf4 exf4 12. Re1+ Be7 13. d3 b6
14. Bxf4 Nb7 15. Be5 f6 16. Bc3 Ne5 17. Na3 Bd6 18. Nb5 O-O-O 19. Nxd6+ cxd6
20. Re4 Rd7 21. Rf4 Rf8 22. Re1 Re7 23. d4 Nf3+ 24. Kf1 Nxe1 25. Bxe1 Rfe8
26. Bd2 f5 27. Rh4 h5 28. Rh3 Na5 29. Rc3+ Kb7 30. Bg5 Re1# {White
checkmated} 0-1

[Event "ICC tourney 1922 (15 5)"]
[Site "Internet Chess Club"]
[Date "2020.07.17"]
[Round "4"]
[White "TanyaS"]
[Black "JSpitzer"]
[Result "0-1"]
[ICCResult "White checkmated"]
[WhiteElo "1165"]
[BlackElo "1445"]
[Opening "Giuoco Piano: four knights variation"]
[ECO "C46"]
[NIC "KP.06"]
[Time "15:16:55"]
[TimeControl "900+5"]

1. e4 e5 2. Nf3 Nc6 3. Nc3 Bc5 4. Bc4 Nf6 5. O-O O-O 6. Nxe5 Nxe5 7. Be2
Nfg4 8. Qe1 Qh4 9. h3 Nf6 10. g3 Qxh3 11. Nb5 Neg4 12. Bxg4 Nxg4 13. Nxc7
Qh2# {White checkmated} 0-1

[Event "ICC tourney 1922 (15 5)"]
[Site "Internet Chess Club"]
[Date "2020.07.17"]
[Round "4"]
[White "hmnyc"]
[Black "LoukyaNarne"]
[Result "1-0"]
[ICCResult "Black checkmated"]
[WhiteElo "1547"]
[BlackElo "1369"]
[Opening "King's pawn game"]
[ECO "C50"]
[NIC "IG.03"]
[Time "15:16:59"]
[TimeControl "900+5"]

1. e4 e5 2. Nf3 Nc6 3. Bc4 h6 4. d4 d6 5. d5 Nd4 6. Nxd4 exd4 7. Qxd4 Nf6 8.
O-O Ng4 9. Nc3 Qf6 10. Qxf6 Nxf6 11. Re1 Be7 12. e5 dxe5 13. Rxe5 Nd7 14.
Re4 f5 15. Re2 Nc5 16. Bb5+ Bd7 17. Bxd7+ Nxd7 18. Nb5 Rc8 19. Nxa7 Rb8 20.
Nb5 c6 21. Nc7+ Kd8 22. Ne6+ Kc8 23. Bf4 Ra8 24. dxc6 bxc6 25. Nxg7 Rg8 26.
Rxe7 Kd8 27. Re3 Rxg7 28. Rd3 h5 29. a3 h4 30. Be5 Rg6 31. Bf4 h3 32. g3 Kc8
33. Rad1 Ra7 34. Be3 Rb7 35. Rb3 Rxb3 36. cxb3 Ne5 37. a4 Nf3+ 38. Kf1 Nxh2+
39. Kg1 Nf3+ 40. Kh1 Rf6 41. a5 Rf8 42. Bc5 Re8 43. Ra1 Kb7 44. a6+ Ka8 45.
b4 Rg8 46. Ra3 Re8 47. Rxf3 Re5 48. Bd4 Re4 49. Bc3 Ka7 50. Rxf5 Kxa6 51.
Rf4 Re8 52. g4 Rc8 53. g5 c5 54. bxc5 Rxc5 55. g6 Rc8 56. g7 Rg8 57. Rf8
Rxg7 58. Bxg7 Kb5 59. f4 Kc5 60. f5 Kd6 61. f6 Ke5 62. b4 Kf4 63. f7 Kg3 64.
Rh8 h2 65. f8=Q Kg4 66. Qc8+ Kg5 67. Qc5+ Kg6 68. Rh6+ Kxg7 69. Rxh2 Kf7 70.
Rf2+ Ke8 71. Qe5+ Kd7 72. Rd2+ Kc6 73. Qc5+ Kb7 74. Rd7+ Ka6 75. Rd6+ Kb7
76. Qe5 Kc7 77. Qe7+ Kc8 78. Rd8# {Black checkmated} 1-0

[Event "ICC tourney 1922 (15 5)"]
[Site "Internet Chess Club"]
[Date "2020.07.17"]
[Round "4"]
[White "Aurex"]
[Black "AlectroGamerAD"]
[Result "1-0"]
[ICCResult "Black checkmated"]
[WhiteElo "1050"]
[BlackElo "1313"]
[Opening "Ruy Lopez: old Steinitz defense"]
[ECO "C62"]
[NIC "RL.02"]
[Time "15:16:55"]
[TimeControl "900+5"]

1. e4 e5 2. Nf3 Nc6 3. Bb5 d6 4. Bxc6+ bxc6 5. O-O f6 6. Nc3 d5 7. exd5 cxd5
8. Ng5 Nh6 9. Nf3 e4 10. Nd4 Nf5 11. Nxf5 Bxf5 12. d3 exd3 13. cxd3 d4 14.
Nb5 Bd6 15. Nxd6+ cxd6 16. Qa4+ Qd7 17. Re1+ Kf7 18. Qxd7+ Bxd7 19. b3 Rae8
20. Rxe8 Rxe8 21. Bf4 Re6 22. g4 g5 23. Bd2 Bc6 24. Re1 Rxe1+ 25. Bxe1 Kg6
26. f3 f5 27. gxf5+ Kxf5 28. Kf2 h5 29. Ke2 g4 30. fxg4+ hxg4 31. a4 Bf3+
32. Kd2 Kf4 33. b4 d5 34. b5 Ke5 35. a5 Kd6 36. Bg3+ Kc5 37. b6 axb6 38. a6
Kc6 39. a7 b5 40. a8=Q+ Kc5 41. Qc8+ Kb4 42. Bd6+ Ka5 43. Qc7+ Ka4 44. Qc1
Kb3 45. Qa3# {Black checkmated} 1-0

[Event "ICC tourney 1922 (15 5)"]
[Site "Internet Chess Club"]
[Date "2020.07.17"]
[Round "4"]
[White "Chess-noob"]
[Black "DuckyBirdLover"]
[Result "0-1"]
[ICCResult "White checkmated"]
[WhiteElo "1403"]
[BlackElo "1503"]
[Opening "French: exchange, Svenonius variation"]
[ECO "C01"]
[NIC "FR.01"]
[Time "15:16:54"]
[TimeControl "900+5"]

1. e4 e6 2. d4 d5 3. exd5 exd5 4. Nc3 Nf6 5. Bg5 Be7 6. Qe2 O-O 7. Bxf6 Bxf6
8. Nxd5 Re8 9. Nxf6+ gxf6 10. Qxe8+ Qxe8+ 11. Be2 Qa4 12. Bd3 Qxd4 13. Ne2
Qxb2 14. O-O Qe5 15. Rfe1 Qg5 16. Ng3 Nc6 17. Re8+ Kg7 18. Be2 Nd4 19. Re4
Nxe2+ 20. Nxe2 Bf5 21. f4 Qg6 22. Re3 Bxc2 23. Rg3 Qxg3 24. hxg3 Bd3 25. Re1
Bxe2 26. Rxe2 a5 27. Re7 Rc8 28. Kf2 b5 29. Re3 a4 30. a3 Rd8 31. Rc3 b4 32.
axb4 Ra8 33. Rxc7 a3 34. Rc1 a2 35. Ra1 Ra3 36. b5 Ra5 37. b6 Ra8 38. b7 Rb8
39. Rxa2 Rxb7 40. Ra6 h5 41. Kf3 Kg6 42. g4 hxg4+ 43. Kxg4 Kh6 44. Rxf6+ Kg7
45. Kg5 Rb5+ 46. Rf5 Rb2 47. g4 Rb6 48. Kh5 Rh6+ 49. Kg5 f6+ 50. Rxf6 Rxf6
51. f5 Rf8 52. Kh5 Rh8+ 53. Kg5 Kf7 54. f6 Rg8+ 55. Kf5 Kf8 56. g5 Kf7 57.
g6+ Kf8 58. g7+ Kf7 59. Kg5 Re8 60. Kh6 Kxf6 61. Kh7 Kf7 62. g8=Q+ Rxg8 63.
Kh6 Kf6 64. Kh5 Rg7 65. Kh4 Rg6 66. Kh3 Rg5 67. Kh2 Kf5 68. Kh3 Rg4 69. Kh2
Kf4 70. Kh3 Kf3 71. Kh2 Kf2 72. Kh3 Kf3 73. Kh2 Rh4+ 74. Kg1 Ke2 75. Kg2 Ke3
76. Kg3 Rf4 77. Kg2 Rf3 78. Kh2 Kf2 79. Kh1 Rh3# {White checkmated} 0-1

[Event "ICC tourney 1922 (15 5)"]
[Site "Internet Chess Club"]
[Date "2020.07.17"]
[Round "4"]
[White "GabrielSkevin"]
[Black "lahn"]
[Result "1-0"]
[ICCResult "Black checkmated"]
[WhiteElo "1365"]
[BlackElo "1155"]
[Opening "Giuoco Piano: Greco's attack"]
[ECO "C54"]
[NIC "IG.01"]
[Time "15:17:09"]
[TimeControl "900+5"]

1. e4 e5 2. Nf3 Nc6 3. Bc4 Nf6 4. c3 Bc5 5. d4 exd4 6. cxd4 Bb4+ 7. Nc3
Bxc3+ 8. bxc3 Nxe4 9. O-O Nxc3 10. Re1+ Kf8 11. Qd2 Ne4 12. Rxe4 f5 13. Re3
f4 14. Re4 Nb4 15. Qxb4+ d6 16. Bxf4 c6 17. Bg5 Qd7 18. Rae1 h6 19. Be7+ Ke8
20. Qa5 b6 21. Bh4+ Kf8 22. Qb4 g6 23. Be6 Qb7 24. Qxd6+ Ke8 25. Bxc8+ Kf7
26. Bxb7 Rad8 27. Qe6+ Kg7 28. Qf6+ Kh7 29. Re7+ Kg8 30. Re8+ Rxe8 31. Rxe8+
Kh7 32. Qxh8# {Black checkmated} 1-0

[Event "ICC tourney 1922 (15 5)"]
[Site "Internet Chess Club"]
[Date "2020.07.17"]
[Round "4"]
[White "chesspanda0610"]
[Black "Anichess2009"]
[Result "1-0"]
[ICCResult "Black checkmated"]
[WhiteElo "1621"]
[BlackElo "1435"]
[Opening "Pirc defense"]
[ECO "B07"]
[NIC "PU.07"]
[Time "15:16:52"]
[TimeControl "900+5"]

1. e4 d6 2. d4 Nf6 3. Nc3 g6 4. Bf4 Bg7 5. Bc4 Nc6 6. Nf3 e6 7. O-O d5 8.
exd5 exd5 9. Bb3 O-O 10. Bg5 Qd6 11. Re1 Be6 12. Ne5 Nd7 13. Nf3 Bf6 14.
Bxf6 Nxf6 15. Qd2 Bf5 16. Qh6 Ng4 17. Qh4 Nb4 18. Ng5 h6 19. Nf3 Qf6 20. Qg3
c6 21. h3 Bxc2 22. Rac1 Bxb3 23. axb3 Nd3 24. Qxg4 Nxc1 25. Rxc1 h5 26. Qg3
b5 27. Ne5 Rac8 28. Nd7 Qxd4 29. Nxf8 Qd2 30. Ra1 Qxb2 31. Rxa7 Qc1+ 32. Kh2
Kxf8 33. Ne2 Qc5 34. Rc7 Rxc7 35. Qxc7 Qxf2 36. Nc3 Qc2 37. Qxc6 b4 38. Qd6+
Kg7 39. Qxb4 f5 40. Nxd5 Qd3 41. Qe7+ Kh6 42. Nf6 Qxb3 43. h4 Qb8+ 44. Kh3
Qb3+ 45. g3 Qc4 46. Qh7# {Black checkmated} 1-0

[Event "ICC tourney 1922 (15 5)"]
[Site "Internet Chess Club"]
[Date "2020.07.17"]
[Round "4"]
[White "TanishaS"]
[Black "Nedas15"]
[Result "0-1"]
[ICCResult "White checkmated"]
[WhiteElo "1010"]
[BlackElo "1146"]
[Opening "Four knights: Italian variation"]
[ECO "C47"]
[NIC "KP.06"]
[Time "15:17:00"]
[TimeControl "900+5"]

1. e4 e5 2. Nf3 Nc6 3. Nc3 Nf6 4. Bc4 Nxe4 5. Nxe4 d5 6. Bb5 dxe4 7. Nxe5
Qf6 8. d4 Bb4+ 9. Kf1 O-O 10. Ng4 Bxg4 11. Qxg4 Nxd4 12. Be3 Nxb5 13. Bf4
Nd4 14. Bg5 Qg6 15. Rd1 Ne6 16. Qh4 Nxg5 17. Rd4 c5 18. Rd5 Qf6 19. f4 Ne6
20. f5 Qxh4 21. fxe6 fxe6+ 22. Rf5 Rxf5+ 23. Ke2 Qf2+ 24. Kd1 Qd2#
{White checkmated}
0-1